AoeStats
← cheneysshotgun

Nomad

509996729Analyzed
2v2 RM · 4d ago on Sep 29, 2026· 33m 20s· 4 players
Game mode
Random Map
Map size
176×176
Population
200
Speed
Normal
Resources
Standard
Victory
Conquest
Starting age
Dark Age
Ending age
Imperial Age
RankedLock teamsTeams togetherTeam positionsShared explorationLock speedFull tech treeHidden civsTurbo modeCheats
Victory
Defeat
🇺🇾 Poles · Uruguay
1087
+15
🇦🇷 Vietnamese · Argentina
1086
+15
🇺🇸 Italians · United States
1066
-15
🇺🇸 Lithuanians · United States
1064
-15
cheneysshotgun
4:37 Loom
12:03 Feudal Age
12:48 Double-Bit Axe
25:21 Castle Age
26:25 Medium Warships
27:39 Fletching
billtoro21
9:13 Loom
12:58 Feudal Age
14:40 Fishing Lines
17:44 Wheelbarrow
18:26 Double-Bit Axe
23:33 Castle Age
25:59 Bow Saw
26:19 Medium Warships
27:20 Pikeman
28:07 Gillnets
28:49 Town Watch
29:11 Scale Mail Armor
32:54 Hand Cart
Cheblin
5:51 Loom
14:03 Feudal Age
19:32 Double-Bit Axe
21:49 Castle Age
22:41 Bow Saw
22:37 Gold Mining
23:04 Medium Warships
22:35 Fishing Lines
24:16 Wheelbarrow
23:27 Town Watch
23:41 Horse Collar
25:37 Careening
26:17 Heavy Plow
27:00 Stone Mining
27:04 Fletching
28:49 Scale Mail Armor
29:00 Forging
29:58 Bodkin Arrow
33:30 Squires
34:04 Chain Mail Armor
34:25 Iron Casting
elescroto07
9:38 Loom
13:40 Feudal Age
14:13 Double-Bit Axe
18:39 Scale Barding Armor
18:26 Fletching
24:46 Castle Age
24:56 Bloodlines
25:27 Forging
26:41 Husbandry
26:36 Horse Collar
32:02 Bodkin Arrow
Connection lost

Rejoining the realm…

Still unreachable

The connection could not be restored.

Session expired

The server has moved on; the page needs a fresh start.